EL
ALTOONA CURVE @ SAN ANTONIO MISSIONS
05/29/2048
 
TOP OF THE 1ST
Altoona Curve batting - Pitching for San Antonio Missions : LHP Luis Sanchez
Pitching: LHP Luis Sanchez
Batting: RHB Jordan Robinson 0-0: Ball
1-0: Called Strike
1-1: Ball
2-1: Foul Ball, location: 2F
2-2: Foul Ball, location: 2F
2-2: Ball
3-2: Base on Balls
Batting: LHB Phil DeCamp 0-0: Foul Ball, location: 2F
0-1: Grounds into double play, 4-6-3 (Groundball, 34D, EV 85.0 MPH)
Batting: RHB Jose Almonte 0-0: Foul Ball, location: 2F
0-1: Foul Ball, location: 2F
0-2: Ball
1-2: Ball
2-2: Ball
3-2: Base on Balls
Batting: RHB Richard Barrios 0-0: SINGLE (Groundball, 5S, EV 71.9 MPH) (infield hit)
Jose Almonte to second
Batting: RHB Mike Velazquez 0-0: Ball
1-0: Called Strike
1-1: Ball
2-1: Ball
3-1: Foul Ball, location: 2F
3-2: Foul Ball, location: 2F
3-2: Strikes out swinging
Top of the 1st over - 0 runs, 1 hit, 0 errors, 2 left on base; Altoona 0 - San Antonio 0
BOTTOM OF THE 1ST
San Antonio Missions batting - Pitching for Altoona Curve : LHP John Mandarino
Pitching: LHP John Mandarino
Batting: RHB Dave McBain 0-0: Ball
1-0: Ground out 6-3 (Groundball, 6M, EV 93.1 MPH)
Batting: RHB Freddie Brown 0-0: Ball
1-0: Ground out 4-3 (Groundball, 4, EV 85.0 MPH)
Batting: RHB Mike Maserang 0-0: Ball
1-0: SINGLE (Line Drive, 9S, EV 101.9 MPH)
Batting: RHB Cesar Ortega 0-0: Called Strike
0-1: Ball
1-1: Foul Ball, location: 2F
1-2: Ball
2-2: Ball
3-2: Foul Ball, location: 2F
3-2: SINGLE (Groundball, 25, EV 66.9 MPH) (infield hit)
Mike Maserang to second
Batting: RHB John Freeman 0-0: Ball
1-0: Foul Ball, location: 2F
1-1: Ball
2-1: Ball
3-1: Base on Balls
Mike Maserang to third
Cesar Ortega to second
Batting: RHB Jaden Scott 0-0: GRAND SLAM HOME RUN (Flyball, 7LD, EV 91.2 MPH), Distance : 328 ft
Batting: RHB Adrian Martinelli 0-0: Ball
1-0: Ball
2-0: Foul Ball, location: 2F
2-1: Foul Ball, location: 2F
2-2: Ball
3-2: Strikes out looking
Bottom of the 1st over - 4 runs, 3 hits, 0 errors, 0 left on base; Altoona 0 - San Antonio 4
TOP OF THE 2ND
Altoona Curve batting - Pitching for San Antonio Missions : LHP Luis Sanchez
Batting: LHB Jorge Quintana 0-0: Foul Ball, location: 2F
0-1: Ball
1-1: Foul Ball, location: 2F
1-2: Fly out, F7 (Flyball, 7, EV 79.4 MPH)
Batting: LHB Ruben Garza 0-0: Ball
1-0: SINGLE (Groundball, 34, EV 101.9 MPH) (infield hit)
Batting: RHB Pleun Smit 0-0: Foul Ball, location: 2F
0-1: Ball
1-1: Ball
2-1: Foul Ball, location: 2F
2-2: Foul Ball, location: 2F
2-2: Strikes out swinging
Ruben Garza steals 2nd base
Batter strikes out.
Batting: SHB Curtis Thompson 0-0: Ground out 6-3 (Groundball, 6, EV 83.8 MPH)
Top of the 2nd over - 0 runs, 1 hit, 0 errors, 1 left on base; Altoona 0 - San Antonio 4
BOTTOM OF THE 2ND
San Antonio Missions batting - Pitching for Altoona Curve : LHP John Mandarino
Batting: RHB David Aguilar 0-0: Ball
1-0: SINGLE (Flyball, 5D, EV 94.4 MPH)
Batting: RHB Roberto Monzon 0-0: Ball
1-0: Ball
2-0: Swinging Strike
2-1: Ball
3-1: Foul Ball, location: 2F
3-2: Strikes out swinging
David Aguilar is caught stealing 2nd base 2-4
Batter strikes out.
Batting: RHB Dave McBain 0-0: Called Strike
0-1: Swinging Strike
0-2: Strikes out swinging
Bottom of the 2nd over - 0 runs, 1 hit, 0 errors, 0 left on base; Altoona 0 - San Antonio 4
TOP OF THE 3RD
Altoona Curve batting - Pitching for San Antonio Missions : LHP Luis Sanchez
Batting: RHB Jordan Robinson 0-0: Ball
1-0: Called Strike
1-1: Swinging Strike
1-2: Ball
2-2: Foul Ball, location: 2F
2-2: Foul Ball, location: 2F
2-2: Foul Ball, location: 2F
2-2: Strikes out looking
Batting: LHB Phil DeCamp 0-0: Fly out, F7 (Flyball, 78S, EV 83.8 MPH)
Batting: RHB Jose Almonte 0-0: Ball
1-0: Fly out, F9 (Line Drive, 9S, EV 108.8 MPH)
Top of the 3rd over - 0 runs, 0 hits, 0 errors, 0 left on base; Altoona 0 - San Antonio 4
BOTTOM OF THE 3RD
San Antonio Missions batting - Pitching for Altoona Curve : LHP John Mandarino
Batting: RHB Freddie Brown 0-0: Swinging Strike
0-1: Ball
1-1: Ball
2-1: Ball
3-1: Swinging Strike
3-2: Strikes out looking
Batting: RHB Mike Maserang 0-0: Ground out 5-3 (Groundball, 56, EV 80.0 MPH)
Batting: RHB Cesar Ortega 0-0: Ball
1-0: Ground out 6-3 (Groundball, 6M, EV 86.2 MPH)
Bottom of the 3rd over - 0 runs, 0 hits, 0 errors, 0 left on base; Altoona 0 - San Antonio 4
TOP OF THE 4TH
Altoona Curve batting - Pitching for San Antonio Missions : LHP Luis Sanchez
Batting: RHB Richard Barrios 0-0: Called Strike
0-1: Swinging Strike
0-2: Ball
1-2: Foul Ball, location: 2F
1-2: Foul Ball, location: 2F
1-2: Ball
2-2: Ground out 6-3 (Groundball, 56, EV 101.2 MPH)
Batting: RHB Mike Velazquez 0-0: Swinging Strike
0-1: Ball
1-1: Ball
2-1: Fly out, F9 (Flyball, 89S, EV 87.5 MPH)
Batting: LHB Jorge Quintana 0-0: DOUBLE (Line Drive, 5D, EV 96.9 MPH)
Batting: LHB Ruben Garza 0-0: Foul Ball, location: 2F
0-1: Foul Ball, location: 2F
0-2: Ball
1-2: Ball
2-2: Strikes out looking
Top of the 4th over - 0 runs, 1 hit, 0 errors, 1 left on base; Altoona 0 - San Antonio 4
BOTTOM OF THE 4TH
San Antonio Missions batting - Pitching for Altoona Curve : LHP John Mandarino
Batting: RHB John Freeman 0-0: Called Strike
0-1: Ball
1-1: Foul Ball, location: 2F
1-2: Ball
2-2: Ball
3-2: Foul Ball, location: 2F
3-2: Foul Ball, location: 2F
3-2: Ground out 6-3 (Groundball, 6, EV 88.8 MPH)
Batting: RHB Jaden Scott 0-0: Foul Ball, location: 2F
0-1: Foul Ball, location: 2F
0-2: Ball
1-2: Ball
2-2: Ground out 5-3 (Groundball, 56S, EV 73.8 MPH)
Batting: RHB Adrian Martinelli 0-0: Ball
1-0: Fly out, F9 (Flyball, 9, EV 85.0 MPH)
Bottom of the 4th over - 0 runs, 0 hits, 0 errors, 0 left on base; Altoona 0 - San Antonio 4
TOP OF THE 5TH
Altoona Curve batting - Pitching for San Antonio Missions : LHP Luis Sanchez
Batting: RHB Pleun Smit 0-0: Ball
1-0: Foul Ball, location: 2F
1-1: Ball
2-1: Foul Ball, location: 2F
2-2: Foul Ball, location: 2F
2-2: Fly out, F9 (Flyball, 9S, EV 87.5 MPH)
Batting: SHB Curtis Thompson 0-0: Ball
1-0: Ball
2-0: SINGLE (Line Drive, 89M, EV 88.8 MPH)
Batting: RHB Jordan Robinson 0-0: Called Strike
0-1: Ball
1-1: Called Strike
1-2: Ball
2-2: Fly out, F8 (Flyball, 8LS, EV 88.1 MPH)
Batting: LHB Phil DeCamp 0-0: Called Strike
0-1: Called Strike
0-2: Ball
1-2: Foul Ball, location: 2F
1-2: Foul Ball, location: 2F
1-2: Fly out, F7 (Flyball, 78D, EV 101.2 MPH)
Top of the 5th over - 0 runs, 1 hit, 0 errors, 1 left on base; Altoona 0 - San Antonio 4
BOTTOM OF THE 5TH
San Antonio Missions batting - Pitching for Altoona Curve : LHP John Mandarino
Batting: RHB David Aguilar 0-0: Ball
1-0: Ball
2-0: SOLO HOME RUN (Flyball, 7D, EV 94.4 MPH), Distance : 358 ft
Batting: RHB Roberto Monzon 0-0: Ball
1-0: DOUBLE (Line Drive, 8LXD, EV 104.4 MPH)
Batting: RHB Dave McBain 0-0: DOUBLE (Line Drive, 78M, EV 88.1 MPH)
Roberto Monzon scores
Pitching: RHP Francisco Castillo
Batting: RHB Freddie Brown 0-0: Ball
1-0: Ball
2-0: Foul Ball, location: 2F
2-1: Foul Ball, location: 2F
2-2: Ball
3-2: Base on Balls
Batting: RHB Mike Maserang 0-0: Ball
1-0: Foul Ball, location: 2F
1-1: Foul Ball, location: 2F
1-2: Strikes out swinging
Batting: RHB Cesar Ortega 0-0: Ball
1-0: Ball
2-0: Foul Ball, location: 2F
2-1: Ball
3-1: Called Strike
3-2: Grounds into double play, 5-4-3 (Groundball, 5S, EV 78.8 MPH)
Bottom of the 5th over - 2 runs, 3 hits, 0 errors, 1 left on base; Altoona 0 - San Antonio 6
TOP OF THE 6TH
Altoona Curve batting - Pitching for San Antonio Missions : LHP Luis Sanchez
Batting: RHB Jose Almonte 0-0: Swinging Strike
0-1: Ball
1-1: Ball
2-1: Called Strike
2-2: Ball
3-2: Ground out 6-3 (Groundball, 6, EV 91.2 MPH)
Batting: RHB Richard Barrios 0-0: Ball
1-0: Ball
2-0: Ball
3-0: Called Strike
3-1: Fly out, F8 (Flyball, 8LXD, EV 81.9 MPH)
Batting: RHB Mike Velazquez 0-0: Ground out 6-3 (Groundball, 6, EV 80.6 MPH)
Top of the 6th over - 0 runs, 0 hits, 0 errors, 0 left on base; Altoona 0 - San Antonio 6
BOTTOM OF THE 6TH
San Antonio Missions batting - Pitching for Altoona Curve : RHP Francisco Castillo
Batting: RHB John Freeman 0-0: Called Strike
0-1: Called Strike
0-2: Ball
1-2: Strikes out swinging
Batting: RHB Jaden Scott 0-0: Called Strike
0-1: Ball
1-1: Ball
2-1: Ball
3-1: Called Strike
3-2: Strikes out looking
Batting: RHB Adrian Martinelli 0-0: Called Strike
0-1: Fly out, F6 (Line Drive, 6, EV 68.1 MPH)
Bottom of the 6th over - 0 runs, 0 hits, 0 errors, 0 left on base; Altoona 0 - San Antonio 6
TOP OF THE 7TH
Altoona Curve batting - Pitching for San Antonio Missions : LHP Luis Sanchez
Batting: LHB Jorge Quintana 0-0: Fly out, F8 (Line Drive, 8LD, EV 93.8 MPH)
Batting: LHB Ruben Garza 0-0: Fly out, F5 (Popup, 6D, EV 60.6 MPH)
Batting: RHB Pleun Smit 0-0: Ground out 6-3 (Groundball, 6S, EV 73.1 MPH)
Top of the 7th over - 0 runs, 0 hits, 0 errors, 0 left on base; Altoona 0 - San Antonio 6
BOTTOM OF THE 7TH
San Antonio Missions batting - Pitching for Altoona Curve : RHP Francisco Castillo
Batting: RHB David Aguilar 0-0: Called Strike
0-1: Foul Ball, location: 2F
0-2: Foul Ball, location: 2F
0-2: Foul Ball, location: 2F
0-2: Fly out, F8 (Flyball, 8RD, EV 91.2 MPH)
Batting: RHB Roberto Monzon 0-0: Called Strike
0-1: Foul Ball, location: 2F
0-2: Ball
1-2: Ball
2-2: Strikes out swinging
Batting: RHB Dave McBain 0-0: Called Strike
0-1: Ball
1-1: Foul Ball, location: 2F
1-2: Foul Ball, location: 2F
1-2: Ball
2-2: Strikes out looking
Bottom of the 7th over - 0 runs, 0 hits, 0 errors, 0 left on base; Altoona 0 - San Antonio 6
TOP OF THE 8TH
Altoona Curve batting - Pitching for San Antonio Missions : LHP Luis Sanchez
Batting: SHB Curtis Thompson 0-0: Foul Ball, location: 2F
0-1: Called Strike
0-2: Ball
1-2: Strikes out swinging
Batting: RHB Jordan Robinson 0-0: Ball
1-0: Ball
2-0: Ground out U3 (Groundball, 3, EV 104.4 MPH)
Batting: LHB Phil DeCamp 0-0: Ball
1-0: Foul Ball, location: 2F
1-1: Ground out 1-3 (Groundball, 34S, EV 63.1 MPH)
Top of the 8th over - 0 runs, 0 hits, 0 errors, 0 left on base; Altoona 0 - San Antonio 6
BOTTOM OF THE 8TH
San Antonio Missions batting - Pitching for Altoona Curve : RHP Francisco Castillo
Batting: RHB Freddie Brown 0-0: Ball
1-0: Ball
2-0: Foul Ball, location: 2F
2-1: Ball
3-1: Fly out, F7 (Flyball, 7D, EV 103.1 MPH)
Batting: RHB Mike Maserang 0-0: Ball
1-0: Called Strike
1-1: Swinging Strike
1-2: Foul Ball, location: 2F
1-2: Ball
2-2: Ball
3-2: SINGLE (Line Drive, 78S, EV 106.9 MPH)
Pitching: LHP Don Quiponch
Batting: RHB Cesar Ortega 0-0: Ball
1-0: Called Strike
1-1: Swinging Strike
1-2: Foul Ball, location: 2F
1-2: Strikes out swinging
Batting: RHB John Freeman 0-0: Ball
1-0: DOUBLE (Groundball, 5L, EV 93.8 MPH)
Mike Maserang to third
Batting: RHB Jaden Scott 0-0: Called Strike
0-1: Foul Ball, location: 2F
0-2: Ball
1-2: Strikes out swinging
Bottom of the 8th over - 0 runs, 2 hits, 0 errors, 2 left on base; Altoona 0 - San Antonio 6
TOP OF THE 9TH
Altoona Curve batting - Pitching for San Antonio Missions : LHP Luis Sanchez
Batting: RHB Jose Almonte 0-0: Ball
1-0: Foul Ball, location: 2F
1-1: Foul Ball, location: 2F
1-2: Ground out 6-3 (Groundball, 6, EV 92.5 MPH)
Batting: RHB Richard Barrios 0-0: Swinging Strike
0-1: Swinging Strike
0-2: Ball
1-2: Ball
2-2: Ball
3-2: Base on Balls
Pitching: RHP Chad Norris
Batting: RHB Mike Velazquez 0-0: Foul Ball, location: 2F
0-1: Foul Ball, location: 2F
0-2: Ball
1-2: Foul Ball, location: 2F
1-2: Strikes out swinging
Batting: LHB Jorge Quintana 0-0: Swinging Strike
0-1: SINGLE (Groundball, 4D, EV 95.0 MPH)
Richard Barrios to second
Batting: LHB Ruben Garza 0-0: SINGLE (Line Drive, 5D, EV 98.8 MPH)
Richard Barrios to third
Jorge Quintana to second
Pinch Hitting: LHB Marc Carter 0-0: Ball
1-0: Called Strike
1-1: Ball
2-1: Ball
3-1: GRAND SLAM HOME RUN (Flyball, 89XD, EV 97.5 MPH), Distance : 400 ft
Pitching: LHP Ismael Diaz
Batting: SHB Curtis Thompson 0-0: Foul Ball, location: 2F
0-1: Ball
1-1: Ball
2-1: Foul Ball, location: 2F
2-2: SINGLE (Flyball, 34D, EV 90.0 MPH)
Batting: RHB Jordan Robinson 0-0: Foul Ball, location: 2F
0-1: Ball
1-1: SINGLE (Groundball, 56S, EV 68.8 MPH) (infield hit)
Curtis Thompson to second
Batting: RHB Terry Sutherland 0-0: Called Strike
0-1: Ball
1-1: Foul Ball, location: 2F
1-2: Strikes out swinging
Top of the 9th over - 4 runs, 5 hits, 0 errors, 2 left on base; Altoona 4 - San Antonio 6
Tuesday, March 28th , 2023 - OOTP Baseball 23.10 Build 110